 Dungeon Crawl Stone Soup version 0.19-a0-1007-g133f65f (webtiles) character file.

397 mistymad the Skirmisher (level 6, -3/51 (53) HPs)
             Began as a Ghoul Monk on July 21, 2016.
             Slain by an ogre
             ... wielding a +0 giant spiked club
              (19 damage)
             ... on level 4 of the Dungeon.
             The game lasted 00:11:40 (5467 turns).

mistymad the Skirmisher (Ghoul Monk)                Turns: 5467, Time: 00:11:42

HP:   -3/51 (53)    AC: 11    Str: 17    XL:     6   Next: 83%
MP:   5/5           EV:  5    Int:  5    God:
Gold: 233           SH:  3    Dex: 11    Spells: 0 memorised, 5 levels left

rFire  . . .     SeeInvis .     a - +0 falchion
rCold  + . .     Gourm    .     j - +0 plate armour
rNeg   + + +     Faith    .     A - +0 buckler
rPois  ∞         Spirit   .     (no helmet)
rElec  .         Dismiss  .     (no cloak)
rCorr  +         Reflect  .     (no gloves)
SustAt .         Harm     .     (no boots)
MR     .....                    (no amulet)
Stlth  ..........               p - ring of stealth
                                f - ring of resist corrosion

@: rotting, not resistant to hostile enchantments, extremely unstealthy
A: rotting body, claws 1, carnivore 3, cold resistance 1, negative energy
resistance 3, slow regeneration 1, torment resistance, unbreathing
a: no special abilities


You were on level 4 of the Dungeon.
You were not hungry.

You visited 1 branch of the dungeon, and saw 5 of its levels.

You collected 233 gold pieces.

Inventory:

Hand Weapons
 a - a +0 falchion (weapon)
Armour
 j - a +0 plate armour (worn)
 A - a +0 buckler (worn)
 E - a +1 leather armour of poison resistance
Jewellery
 f - a ring of resist corrosion (left claw)
 i - an uncursed amulet of rage {unknown}
 p - a ring of stealth (right claw)
Wands
 g - a wand of paralysis (6/24)
Scrolls
 d - 2 scrolls of teleportation {unknown}
 l - 2 scrolls of amnesia {unknown}
 m - a scroll of magic mapping {unknown}
 o - 2 scrolls of identify {unknown}
 q - 2 scrolls of fear {unknown}
 r - a scroll of blinking {unknown}
 v - a scroll of remove curse {unknown}
 y - a scroll of recharging {unknown}
 B - a scroll of enchant armour {unknown}
 D - a scroll of random uselessness {unknown}
Potions
 e - 2 potions of curing {unknown}
 h - 2 potions of berserk rage {unknown}
 k - a potion of haste {unknown}
 n - a potion of magic {unknown}
 s - 2 potions of flight {unknown}
 t - a potion of lignification {unknown}
 w - a potion of beneficial mutation {unknown}
 x - a potion of brilliance {unknown}
Comestibles
 b - 2 slices of pizza
 c - 2 meat rations
 u - a beef jerky
 z - 2 royal jellies


   Skills:
 + Level 4.7 Fighting
 + Level 3.8 Long Blades
 + Level 3.0 Armour
 - Level 4.1 Dodging
 - Level 2.1 Stealth
 + Level 0.8 Shields


You had 5 spell levels left.
You didn't know any spells.

Dungeon Overview and Level Annotations

Branches:
Dungeon (5/15)
 Temple: D:4-7

Altars:
Dithmenos
Kikubaaqudgha
Nemelex Xobeh
Pakellas
Uskayaw

Annotations:
D:5 Gruud's ghost, novice DsGl; Prince Ribbit


Innate Abilities, Weirdness & Mutations

Your body is rotting away.
You thrive on raw meat.
You are immune to poison.
You have sharp fingernails.
You are carnivorous and can eat meat at any time.
Your flesh is cold resistant. (rC+)
You are immune to negative energy. (rN+++)
You regenerate slowly when monsters are visible.
You are immune to unholy pain and torment.
You can survive without breathing.


Message History

The ogre hits you with a giant spiked club!
You take 7 damage, and have 30/51 hp.
Unknown command.
You hit the ogre but do no damage.
The ogre is heavily wounded.
The ogre hits you with a giant spiked club!
* * * LOW HITPOINT WARNING * * *
You take 16 damage, and have 14/51 hp.
MASSIVE DAMAGE!!
Unknown command.
You climb upwards.
There is a stone staircase leading down here.
The ogre barely misses you.
You riposte.
You hit the ogre.
The ogre is severely wounded.
You hit the ogre.
The ogre is severely wounded.
You block the ogre's attack.
Your plate armour prevents you from hitting the ogre.
The ogre is severely wounded.
The ogre hits you with a giant spiked club!!
You die...

#...........# #.#
############# #.#
################'###
.........#.........#
########.#.........#
...# #.#.........#
##.# #...........#
#.# ##..........#
#.# #..#####@###
##'#######.# #O#
.......# #.## #.#
.......# #..# #.#
.......# ##.## #.#
.......# #..# #.#
.......# ##.# #.#
.......# #.# #.#
.......# #.# #.#


You could see an ogre.

Vanquished Creatures
  An orc priest (D:3)
  An orc wizard (D:5)
  Jessica (D:3)
  2 worker ants
  A gnoll (D:1)
  15 adders
  6 worms
  3 dart slugs
  4 giant geckos
  7 orcs
  8 ball pythons
  6 bats
  5 giant cockroaches
  7 goblins
  13 hobgoblins
  3 jackals (D:1)
  2 quokkas
  4 giant newts
  4 kobolds
  3 rats
96 creatures vanquished.

Notes
Turn   | Place    | Note
-------+----------+-------------------------------------------
     0 | D:1      | mistymad the Ghoul Monk began the quest for the Orb.
     0 | D:1      | Reached XP level 1. HP: 19/19 MP: 0/0
   255 | D:1      | Reached XP level 2. HP: 3/26 MP: 1/1
   728 | D:1      | Reached XP level 3. HP: 24/33 MP: 2/2
  1126 | D:1      | Reached skill level 1 in Armour
  1619 | D:2      | Reached XP level 4. HP: 34/40 MP: 3/3
  2240 | D:3      | Reached XP level 5. HP: 32/46 MP: 4/4
  2266 | D:3      | Noticed Jessica
  2275 | D:3      | Killed Jessica
  2379 | D:3      | Noticed a dagger
  2380 | D:3      | Noticed a dagger
  2806 | D:3      | Reached XP level 6. HP: 47/53 MP: 5/5
  3153 | D:3      | Found a hide-covered altar of Uskayaw.
  3293 | D:3      | Found an oddly glowing altar of Pakellas.
  3296 | D:3      | Found an ancient bone altar of Kikubaaqudgha.
  3299 | D:3      | Found a shadowy altar of Dithmenos.
  3316 | D:3      | Found a sparkling altar of Nemelex Xobeh.
  4409 | D:5      | Entered Level 5 of the Dungeon
  4710 | D:5      | Noticed a sky beast
  5190 | D:5      | Noticed Gruud's ghost (novice DsGl)
  5194 | D:5      | Noticed Prince Ribbit
  5467 | D:4      | Slain by an ogre

Vault maps used:
D:1:      matt_arrival_los_fun
D:3:      dancing_weapons_uskayaw, grunt_temple_overflow_cloverleaf,
          minmay_snake_closets, uniq_jessica
D:4:      first_bread, kennysheep_generic_room_4
D:5:      uniq_blork_the_orc, uniq_pikel, uniq_prince_ribbit1

Skill      XL: |  1  2  3  4  5  6 |
---------------+-------------------+-----
Dodging        | 3 4 |  4.1
Armour         | 1 2 3 |  3.0
Long Blades    | 3 |  3.8
Fighting       | 4 |  4.7
Stealth        | |  2.1
Shields        | |  0.8

Action                   |  1- 3 |  4- 6 || total
-------------------------+-------+-------++-------
Melee: Falchion          |   174 |   460 ||   634
 Stab: Sleeping          |     4 |    15 ||    19
  Eat: Chunk             |    10 |    28 ||    38
Armor: Robe              |    16 |       ||    16
       Leather armour    |       |    55 ||    55
Dodge: Dodged            |    96 |   229 ||   325
Block: Buckler           |       |    11 ||    11
